Match 46782190
Unlisted

Match 46782190
End
Kradschützen Motorcycle Team
Panzergrenadier Squad
Panzergrenadier Squad
Construct Light Support Kompanie
Fire Support Elements
Vehicle Survival Package
Veteran Squad Leaders
Flakvierling Half-track
Selects Battlefield Espionage Battlegroup
Selects Intel Disruption Beacon
Pak 38 Mechanized Group
Selects 250/3 Funkpanzerwagen
Tungsten Core Ammunition
Panzerpioneer Squad
Construct Panzerarmee Kommand
Selects Anti-Tank Incendiary Munitions
Emergency Repair Kits
Flak 36 Anti-tank Gun Team
Selects Plunder
Selects Firestorm
Firestorm
Walking Stuka Rocket Launcher
Construct Mechanized Kompanie
254 Reconnaissance Tractor
Marder III Tank Destroyer
Panzergrenadier Squad
Firestorm
Marder III Tank Destroyer
Assault Mechanized Group
Firestorm
Rapid Advance
Assault Grenadier Squad
Armored Reserves
Tiger Mafia
Hank
vasointupido
Grunka Lunka
0
0

Comments sign in to comment!

No comments posted yet!